 Dungeon Crawl Stone Soup version 0.29.1-14-g9c671dbff4 (webtiles) character file.

Game seed: 3944903890729642934

12 anonymouscript the Sneak (level 2, 0/15 HPs)
             Began as a Kobold Brigand on Feb 16, 2023.
             Slain by a jackal (2 damage)
             ... on level 1 of the Dungeon.
             The game lasted 00:02:00 (817 turns).

anonymouscript the Sneak (Kobold Brigand)            Turns: 817, Time: 00:02:01

Health: 0/15       AC:  4    Str:  4 (6)  XL:     2   Next: 45%
Magic:  2/2        EV: 14    Int: 17 (20) God:
Gold:   100        SH:  0    Dex: 11 (14) Spells: 1/1 levels left

rFire   . . .      SeeInvis .   j - +1 dagger (pain)
rCold   . . .      Faith    .   (no shield)
rNeg    . . .      Spirit   .   b - +0 robe
rPois   .          Reflect  .   (no helmet)
rElec   .          Harm     .   c - +0 cloak
rCorr   .          Rampage  .   (no gloves)
Will    .....                   n - +0 pair of boots
Stlth   ++++......              (no amulet)
HPRegen 0.05/turn               f - +4 ring of slaying
MPRegen 0.08/turn               (no ring)

@: no status effects
A: small, no large weapons, nightstalker 3, clever 2, frail 1
a: no special abilities


You were on level 1 of the Dungeon.
You visited 1 branch of the dungeon, and saw 1 of its levels.

You collected 100 gold pieces.

Inventory:

Hand Weapons
 a - a +2 dagger
 j - a +1 dagger of pain (weapon)
Missiles
 d - 7 poisoned darts (quivered)
 e - 3 curare-tipped darts
Armour
 b - a +0 robe (worn)
 c - a +0 cloak (worn)
 n - a +0 pair of boots (worn)
Jewellery
 f - a +4 ring of slaying (left hand)
Scrolls
 i - a scroll of blinking {unknown}


   Skills:
 + Level 2.1 Fighting
 + Level 2.9 Short Blades
 + Level 2.3 Throwing
 + Level 1.2 Dodging
 + Level 6.0 Stealth


You had one spell level left.
You didn't know any spells.
Your spell library was empty.

Dungeon Overview and Level Annotations

Branches:
Dungeon (1/15)

Altars:


Innate Abilities, Weirdness & Mutations

You are small and have problems with some larger weapons.
You are completely attuned to the shadows.
Your mind is very acute. (Int +8, Str/Dex -2)
You are frail. (-10% HP)


Message History

The jackal attacks as you move away! The jackal barely misses you.
The kobold attacks as you move away! The kobold hits you with a +0 dagger.
The jackal attacks as you move away! The jackal completely misses you.
The jackal attacks as you move away! The jackal barely misses you.
The kobold attacks as you move away! The kobold barely misses you.
The jackal bites you. The jackal misses you.
A jackal comes into view.
The jackal attacks as you move away! The jackal bites you.
* * * LOW HITPOINT WARNING * * *
The jackal bites you.
* * * LOW HITPOINT WARNING * * *
There is an open door here.
It was a potion of lignification.
You turn into a tree.
Your +0 cloak melds into your body.
Your +0 pair of boots melds into your body.
Your +0 robe melds into your body.
Your roots penetrate the ground.
The jackal bites you but does no damage.
You closely miss the jackal. The jackal bites you.
* * * LOW HITPOINT WARNING * * *
It was a potion of mutation.
You feel extremely strange.
You feel clever.
You feel frail.
You feel clever.
The jackal bites you but does no damage.
It was a potion of degeneration.
There was something very wrong with that liquid.
You feel weakened.
You feel dopey.
You feel clumsy.
The jackal barks! x2
The jackal barely misses you. x2
It was a potion of haste.
You feel yourself speed up.
The jackal bites you but does no damage.
It was a potion of cancellation.
Your magical effects are unravelling.
You feel magically purged.
You feel less wooden.
Your +0 cloak unmelds from your body.
Your +0 pair of boots unmelds from your body.
Your +0 robe unmelds from your body.
You feel yourself slow down. The jackal misses you. The jackal bites you.
You die...

..##.#####.###.#.## #.###
#.##.....# #.... #.##..#.##
##### ##+## #.##..### ##...##
#.##..# ##.....###.†.>.# ##
#.......#####..## ##.
.........####...###########..
........Khhh@................
........h####...##########...
..(.....## #...# #.#.
##.....## #...# #... ..#...##
##.## ##.# 8.##'## #...# #.#
#.# #~~~# #.# #.# #~~P# #.#
#(# ^~~P. #.#


You could see 4 jackals and a kobold.

Vanquished Creatures
  A ball python (D:1)
  An endoplasm (D:1)
  A giant cockroach (D:1)
  A hobgoblin (D:1)
  A kobold (D:1)
  2 quokkas (D:1)
  A bat (D:1)
  2 frilled lizards (D:1)
  A rat (D:1)
11 creatures vanquished.

Notes
Turn   | Place    | Note
-------+----------+-------------------------------------------
     0 | D:1      | anonymouscript the Kobold Brigand began the quest for the
                  | Orb.
     0 | D:1      | Reached XP level 1. HP: 12/12 MP: 1/1
   404 | D:1      | Reached XP level 2. HP: 15/17 MP: 2/2
   649 | D:1      | Reached skill level 6 in Stealth
   813 | D:1      | Gained mutation: Your mind is acute. (Int +4, Str/Dex -1)
                  | [potion of mutation]
   813 | D:1      | Gained mutation: You are frail. (-10% HP) [potion of
                  | mutation]
   813 | D:1      | Gained mutation: Your mind is very acute. (Int +8, Str/Dex
                  | -2) [potion of mutation]
   817 | D:1      | Slain by a jackal

Illustrated notes

Levels and vault maps discovered:
D:1:      psy_arrival_statuary, layout_loops_corners,
          hellmonk_ecumenical_altar_dog_temple, serial_bayou_pond_e

Skill      XL: |  1  2 |
---------------+-------+-----
Stealth        | 6 |  6.0
Fighting       | |  2.1
Short Blades   | |  2.9
Throwing       | |  2.3
Dodging        | |  1.2

Action                   || total
-------------------------++-------
Melee: Dagger            ||    23
Throw: Dart              ||     3
  Use: Potion            ||     5
 Stab: Sleeping          ||     6
Armor: Robe              ||     5
       Skin              ||     3
Dodge: Dodged            ||    26
